 Dungeon Crawl Stone Soup version 0.26.0-15-gc6cd9f700b (webtiles) character file.

Game seed: 8793727244045982112

911 EnegeticOcto the Stinger (level 8, 0/57 HPs)
             Began as a Gnoll Venom Mage on Jan 16, 2021.
             Slain by Harold
             ... wielding a +1 vorpal hand axe
              (4 damage)
             ... on level 7 of the Dungeon.
             The game lasted 00:08:26 (1143 turns).

EnegeticOcto the Stinger (Gnoll Venom Mage)         Turns: 1143, Time: 00:08:27

Health: 0/57       AC:  5    Str: 10    XL:     8   Next: 8%
Magic:  0/16       EV: 16    Int: 20    God:
Gold:   184        SH:  0    Dex: 16    Spells: 5/18 levels left

rFire    + . .     SeeInvis .   k - +1 morningstar (vorpal)
rCold    . . .     Faith    .   (no shield)
rNeg     . . .     Spirit   .   f - +2 robe {rF+}
rPois    .         Reflect  .   (no helmet)
rElec    .         Harm     .   (no cloak)
rCorr    .         Rampage  .   (no gloves)
Will     .....                  m - +0 pair of boots
Stlth    +++.......             (no amulet)
HPRegen  0.19/turn              (no ring)
MPRegen  0.15/turn              (no ring)

@: mighty, marked
A: distributed training, fangs 1, strong nose
a: no special abilities


You were on level 7 of the Dungeon.
You visited 1 branch of the dungeon, and saw 7 of its levels.

You collected 184 gold pieces.

Inventory:

Hand Weapons
 c - a +0 trident
   (You took it off an orc on level 6 of the Dungeon)
 e - a +0 flail
   (You found it on level 4 of the Dungeon)
 k - a +1 vorpal morningstar (weapon)
   (You found it on level 5 of the Dungeon)
Missiles
 b - 2 boomerangs (quivered)
Armour
 a - a +0 robe
 f - a +2 robe of fire resistance (worn)
   (You took it off an orc wizard on level 5 of the Dungeon)
 m - a +0 pair of boots (worn)
   (You found it on level 5 of the Dungeon)
Potions
 d - 2 potions of degeneration
 g - a potion of attraction
 h - 3 potions of heal wounds {@q2 !q}
 i - 2 potions of might {@q3 !q}
 j - 3 potions of curing {unknown}


   Skills:
 + Level 2.9 Fighting
 + Level 2.9 Short Blades
 + Level 2.9 Long Blades
 + Level 2.9 Axes
 + Level 2.9 Maces & Flails
 + Level 2.9 Polearms
 + Level 2.9 Staves
 + Level 2.9 Slings
 + Level 2.9 Bows
 + Level 2.9 Crossbows
 + Level 2.9 Throwing
 + Level 2.9 Armour
 + Level 5.5 Dodging
 + Level 5.1 Stealth
 + Level 2.9 Shields
 + Level 2.9 Unarmed Combat
 + Level 5.8 Spellcasting
 + Level 2.3 Conjurations
 + Level 2.3 Hexes
 + Level 2.3 Summonings
 + Level 2.3 Necromancy
 + Level 2.3 Translocations
 + Level 3.2 Transmutations
 + Level 2.3 Fire Magic
 + Level 2.3 Ice Magic
 + Level 2.3 Air Magic
 + Level 2.3 Earth Magic
 + Level 6.0 Poison Magic
 + Level 3.2 Invocations
 + Level 2.9 Evocations


You had 5 spell levels left.
You knew the following spells:

 Your Spells              Type           Power        Failure   Level
a - Sting                 Tmut/Pois      96%          1%          1
b - Poisonous Vapours     Pois/Air       44%          2%          2
c - Mephitic Cloud        Conj/Pois/Air  20%          8%          3
d - Ignite Poison         Fire/Tmut/Pois 21%          6%          3
e - Olgreb's Toxic Radia  Pois           30%          9%          4

Your spell library contained the following spells:

 Spells                   Type           Power        Failure   Level
 Confusing Touch          Hex            15%          12%         3
 Gell's Gravitas          Tloc           7%           12%         3
 Petrify                  Tmut/Erth      17%          32%         4
 Yara's Violent Unravell  Hex/Tmut       8%           67%         5
 Metabolic Englaciation   Hex/Ice        7%           73%         5


Dungeon Overview and Level Annotations

Branches:
Dungeon (7/15)
 Temple: D:4-7

Altars:
Kikubaaqudgha
Qazlal
Wu Jian
The Shining One

Shops:
D:4 [   D:6 *

Annotations:
D:3 Natasha
D:4 1 runed translucent door, jeanjacques's ghost, amateur DsFi
D:7 Harold


Innate Abilities, Weirdness & Mutations

Your experience applies equally to all skills.
You have very sharp teeth.
Your uncanny sense of smell can sniff out nearby items.


Message History

You hit the water moccasin skeleton but do no damage.
The water moccasin skeleton is almost destroyed.
The water moccasin skeleton bites you but does no damage.
The water moccasin skeleton bites you.
You barely miss the water moccasin skeleton.
The water moccasin skeleton is almost destroyed.
The water moccasin skeleton bites you but does no damage.
You hit the water moccasin skeleton but do no damage.
The water moccasin skeleton is almost destroyed.
The water moccasin skeleton barely misses you.
The water moccasin skeleton bites you.
You hit the water moccasin skeleton.
You destroy the water moccasin skeleton!
You open the door.
There is an open door here.
A worm comes into view.
Found 19 bolts.
Casting: Poisonous Vapours (safe; 2% risk of failure)
Confirm with . or Enter, or press ? or * to list all spells.
Aiming: Poisonous Vapours (safe; 2% risk of failure)
Press: ? - help, Dir - move target, f - worm
Aim: a worm (asleep) Poisonous vapours surround the worm!
Casting: Poisonous Vapours (safe; 2% risk of failure)
Confirm with . or Enter, or press ? or * to list all spells.
Aiming: Sting (safe; 1% risk of failure)
Press: ? - help, Shift-Dir - straight line, f/p - worm
Aim: a worm (8% to evade)
The sting hits the worm!
The worm is poisoned.
The worm is heavily wounded.
Casting: Sting (safe; 1% risk of failure)
Confirm with . or Enter, or press ? or * to list all spells.
Aiming: Sting (safe; 1% risk of failure)
Press: ? - help, Shift-Dir - straight line, f/p - worm
Aim: a worm (moderately wounded, poisoned, 8% to evade)
The sting hits the worm!
The worm looks even sicker.
The worm is severely wounded.
You sock the worm!
You kill the worm!
You see here a worm corpse.
Magic restored.
You see here an adder skeleton.
There is an escape hatch in the floor here.
Really go through this one-way escape hatch?
You slide downwards.
The hatch slams shut behind you.
Harold the Weathered comes into view.
He is wielding a +1 vorpal hand axe.
Harold shouts!
Casting: Sting (safe; 1% risk of failure)
Confirm with . or Enter, or press ? or * to list all spells.
You miscast Olgreb's Toxic Radiance.
You are very lightly contaminated with residual magic.
Nothing appears to happen.
Harold throws a throwing net.
The throwing net hits you.
You become entangled in the net!
Casting: Olgreb's Toxic Radiance (dangerous; 9% risk of failure)
Confirm with . or Enter, or press ? or * to list all spells.
You begin to radiate toxic energy.
Harold is poisoned.
Casting: Olgreb's Toxic Radiance (dangerous; 9% risk of failure)
Confirm with . or Enter, or press ? or * to list all spells.
Aiming: Poisonous Vapours (safe; 2% risk of failure)
Press: ? - help, Dir - move target, f - Harold
Aim: Harold, wielding a +1 vorpal hand axe and wearing a cursed -2 ring mail (lightly wounded, poisoned) Poisonous vapours surround Harold!
Your toxic aura wanes.
Harold is engulfed in poison gas.
Harold looks even sicker.
Harold says, "Let's make it quick, okay?
I've got mouths to feed."
Harold gestures at you while chanting. A sentinel's mark forms upon you.
Casting: Poisonous Vapours (safe; 2% risk of failure)
Confirm with . or Enter, or press ? or * to list all spells.
Aiming: Poisonous Vapours (safe; 2% risk of failure)
Press: ? - help, Dir - move target, f/p - Harold
Aim: Harold, wielding a +1 vorpal hand axe and wearing a cursed -2 ring mail (moderately wounded, very poisoned) Poisonous vapours surround Harold!
Harold is engulfed in poison gas.
Harold looks even sicker.
Casting: Poisonous Vapours (safe; 2% risk of failure)
Confirm with . or Enter, or press ? or * to list all spells.
You begin to radiate toxic energy.
You struggle against the net.
Your toxic aura wanes.
Harold hits you with a +1 vorpal hand axe.
You struggle against the net.
Harold hits you with a +1 vorpal hand axe.
You shred the net and break free!
Harold hits you with a +1 vorpal hand axe!
Your magical contamination has completely faded away.
Harold says, "I was hoping my final job would be more of a challenge, but money is money."
Really quaff
i - 3 potions of might {@q3 !q}?
You feel very mighty all of a sudden.
Harold hits you with a +1 vorpal hand axe!
* * * LOW HITPOINT WARNING * * *
x2
Casting: Olgreb's Toxic Radiance (dangerous; 9% risk of failure)
Confirm with . or Enter, or press ? or * to list all spells.
Aiming: Sting (safe; 1% risk of failure)
Press: ? - help, Shift-Dir - straight line, f/p - Harold
Aim: Harold, wielding a +1 vorpal hand axe and wearing a cursed -2 ring mail (heavily wounded, very poisoned, 15% to evade)
The sting misses Harold.
Harold closely misses you.
You hit Harold.
Harold is heavily wounded.
Harold hits you with a +1 vorpal hand axe.
You die...

... ..
..## #..#
.. ##...
....#...#
#......#
#@# #@#
#.# #.#
#.. #.#
#.. #..
###


You could see Harold (very poisoned).

Vanquished Creatures
  An ogre (D:6)
  4 centaurs (D:6)
  A bullfrog (D:6)
  A scorpion (D:6)
  A water moccasin skeleton (D:6)
  A howler monkey (D:5)
  A bullfrog zombie (D:5)
  A jelly (D:7)
  A centaur skeleton (D:7)
  An orc priest (D:6)
  An orc wizard (D:5)
  A worker ant (D:4)
  An iguana (D:5)
  A hound skeleton (D:4)
  3 gnolls (D:4)
  2 adders (D:6)
  2 ufetubi (D:7)
  An adder zombie (D:6)
  A worm (D:6)
  A leopard gecko (D:6)
  8 orcs
  A giant cockroach (D:1)
  2 hobgoblins (D:1)
  3 jackals (D:1)
  A kobold (D:1)
  A quokka (D:4)
  A leopard gecko skeleton (D:7)
  A quokka skeleton (D:7)
  2 rats
47 creatures vanquished.

Notes
Turn   | Place    | Note
-------+----------+-------------------------------------------
     0 | D:1      | EnegeticOcto the Gnoll Venom Mage began the quest for the
                  | Orb.
     0 | D:1      | Reached XP level 1. HP: 13/13 MP: 6/6
    20 | D:1      | Reached skill level 2 in Transmutations
    25 | D:1      | Reached XP level 2. HP: 11/19 MP: 2/7
    45 | D:1      | Learned a level 2 spell: Poisonous Vapours
    85 | D:2      | Found a stormy altar of Qazlal.
    91 | D:2      | You fall into a shaft and drop 2 floors!
   124 | D:4      | Reached skill level 5 in Spellcasting
   124 | D:4      | Reached XP level 3. HP: 15/25 MP: 0/9
   148 | D:4      | Reached skill level 1 in Invocations
   153 | D:4      | Learned a level 3 spell: Mephitic Cloud
   157 | D:4      | Learned a level 3 spell: Ignite Poison
   187 | D:3      | Noticed Natasha
   224 | D:4      | Reached skill level 1 in Fighting
   224 | D:4      | Reached skill level 1 in Short Blades
   224 | D:4      | Reached skill level 1 in Long Blades
   224 | D:4      | Reached skill level 1 in Axes
   224 | D:4      | Reached skill level 1 in Maces & Flails
   224 | D:4      | Reached skill level 1 in Polearms
   224 | D:4      | Reached skill level 1 in Staves
   224 | D:4      | Reached skill level 1 in Slings
   224 | D:4      | Reached skill level 1 in Bows
   224 | D:4      | Reached skill level 1 in Crossbows
   224 | D:4      | Reached skill level 1 in Throwing
   224 | D:4      | Reached skill level 1 in Armour
   224 | D:4      | Reached skill level 1 in Shields
   224 | D:4      | Reached skill level 1 in Unarmed Combat
   224 | D:4      | Reached skill level 1 in Evocations
   233 | D:4      | Found a runed translucent door.
   233 | D:4      | Noticed jeanjacques's ghost (amateur DsFi)
   242 | D:4      | Found an ancient bone altar of Kikubaaqudgha.
   295 | D:5      | Entered Level 5 of the Dungeon
   361 | D:5      | Found an ornate altar of the Wu Jian Council.
   435 | D:6      | Noticed a centaur
   443 | D:6      | Killed a centaur
   444 | D:6      | Reached skill level 1 in Conjurations
   444 | D:6      | Reached skill level 1 in Hexes
   444 | D:6      | Reached skill level 1 in Summonings
   444 | D:6      | Reached skill level 1 in Necromancy
   444 | D:6      | Reached skill level 1 in Translocations
   444 | D:6      | Reached skill level 1 in Fire Magic
   444 | D:6      | Reached skill level 1 in Ice Magic
   444 | D:6      | Reached skill level 1 in Air Magic
   444 | D:6      | Reached skill level 1 in Earth Magic
   444 | D:6      | Reached XP level 4. HP: 25/32 MP: 6/11
   444 | D:6      | Reached XP level 5. HP: 28/37 MP: 6/12
   452 | D:6      | Learned a level 4 spell: Olgreb's Toxic Radiance
   462 | D:6      | Found a glowing golden altar of the Shining One.
   474 | D:6      | Noticed an ogre
   475 | D:6      | Noticed a centaur
   477 | D:6      | Reached skill level 2 in Invocations
   477 | D:6      | Reached XP level 6. HP: 23/44 MP: 4/14
   478 | D:6      | Reached skill level 2 in Fighting
   478 | D:6      | Reached skill level 2 in Short Blades
   478 | D:6      | Reached skill level 2 in Long Blades
   478 | D:6      | Reached skill level 2 in Axes
   478 | D:6      | Reached skill level 2 in Maces & Flails
   478 | D:6      | Reached skill level 2 in Polearms
   478 | D:6      | Reached skill level 2 in Staves
   478 | D:6      | Reached skill level 2 in Slings
   478 | D:6      | Reached skill level 2 in Bows
   478 | D:6      | Reached skill level 2 in Crossbows
   478 | D:6      | Reached skill level 2 in Throwing
   478 | D:6      | Reached skill level 2 in Armour
   478 | D:6      | Reached skill level 5 in Dodging
   478 | D:6      | Reached skill level 2 in Shields
   478 | D:6      | Reached skill level 2 in Unarmed Combat
   478 | D:6      | Reached skill level 2 in Evocations
   489 | D:6      | Reached XP level 7. HP: 28/50 MP: 0/15
   523 | D:6      | Found Geunwan's General Store.
   610 | D:5      | Reached skill level 2 in Conjurations
   610 | D:5      | Reached skill level 2 in Hexes
   610 | D:5      | Reached skill level 2 in Summonings
   610 | D:5      | Reached skill level 2 in Necromancy
   610 | D:5      | Reached skill level 2 in Translocations
   610 | D:5      | Reached skill level 2 in Fire Magic
   610 | D:5      | Reached skill level 2 in Ice Magic
   610 | D:5      | Reached skill level 2 in Air Magic
   610 | D:5      | Reached skill level 2 in Earth Magic
   616 | D:5      | Reached skill level 3 in Transmutations
   654 | D:4      | Found Joso's Antique Armour Emporium.
   789 | D:5      | Reached skill level 5 in Stealth
   940 | D:7      | Reached skill level 3 in Invocations
   998 | D:6      | Reached skill level 6 in Poison Magic
   998 | D:6      | Reached XP level 8. HP: 24/57 MP: 11/16
  1131 | D:7      | Noticed Harold
  1143 | D:7      | Slain by Harold

Illustrated notes

Levels and vault maps discovered:
D:1:      saegor_arrival_simple_b, layout_basic
D:2:      layout_loops_cross, corner_web_ring, grunt_qazlal_sundering,
          uniq_crazy_yiuf_cottage, uniq_robin
D:3:      kennysheep_the_goblin_king, layout_basic, uniq_natasha, uniq_sigmund
D:4:      layout_loops_ring, kiku_gazebo_pond_becter, gammafunk_ghost_grave,
          serial_shops, nicolae_shop_crystal, corexii_leaking_fountain,
          hangedman_decor_points
D:5:      layout_gridville, pdpol_wu_jian_five_deadly_venoms, dk_vineyard_3
D:6:      layout_basic, serial_shops, nicolae_shop_window_shopping,
          lemuel_statue_altar
D:7:      layout_basic, grunt_temple_overflow_open,
          nicolae_dithmenos_shadow_blocks, minmay_temple_entry_sparse_star,
          nrook_pool_corridor, uniq_duvessa, uniq_menkaure, uniq_harold

Skill      XL: |  1  2  3  4  5  6  7 |
---------------+----------------------+-----
Transmutations | 2 3 |  3.2
Spellcasting   | 5 |  5.8
Invocations    | 1 2 3 |  3.2
Fighting       | 1 2 |  2.9
Short Blades   | 1 2 |  2.9
Long Blades    | 1 2 |  2.9
Axes           | 1 2 |  2.9
Maces & Flails | 1 2 |  2.9
Polearms       | 1 2 |  2.9
Staves         | 1 2 |  2.9
Slings         | 1 2 |  2.9
Bows           | 1 2 |  2.9
Crossbows      | 1 2 |  2.9
Throwing       | 1 2 |  2.9
Armour         | 1 2 |  2.9
Shields        | 1 2 |  2.9
Unarmed Combat | 1 2 |  2.9
Evocations     | 1 2 |  2.9
Conjurations   | 1 2 |  2.3
Hexes          | 1 2 |  2.3
Summonings     | 1 2 |  2.3
Necromancy     | 1 2 |  2.3
Translocations | 1 2 |  2.3
Fire Magic     | 1 2 |  2.3
Ice Magic      | 1 2 |  2.3
Air Magic      | 1 2 |  2.3
Earth Magic    | 1 2 |  2.3
Dodging        | 5 |  5.5
Stealth        | 5 |  5.1
Poison Magic   | 6 |  6.0

Action                   |  1- 3 |  4- 6 |  7- 9 || total
-------------------------+-------+-------+-------++-------
Melee: Unarmed           |    20 |       |       ||    20
       Bite              |     3 |       |     3 ||     6
       Flail             |     9 |       |       ||     9
       Morningstar       |       |       |    31 ||    31
       Trident           |       |       |    12 ||    12
Throw: Boomerang         |       |       |    11 ||    11
 Cast: Sting             |    11 |       |    12 ||    23
       Poisonous Vapours |     7 |     1 |    14 ||    22
       Ignite Poison     |       |     2 |     2 ||     4
       Olgreb's Toxic Ra |       |     1 |     3 ||     4
  Use: Scroll            |       |     6 |     3 ||     9
       Potion            |       |       |     1 ||     1
Armor: Robe              |     4 |       |    18 ||    22
Dodge: Dodged            |    27 |     2 |    70 ||    99
